 Dungeon Crawl Stone Soup version 0.31-a0-183-g4352c244c2 (webtiles) character file.

Game seed: 9488908412148615501

139764 GordonOverkill the Bludgeoner (level 17, -1/115 HPs)
             Began as a Gargoyle Delver on May 27, 2023.
             Was the Champion of Lugonu.
             Killed from afar by an ice dragon (18 damage)
             ... with a blast of cold
             ... on level 4 of the Swamp on June 22, 2023.
             The game lasted 02:30:37 (44168 turns).

GordonOverkill the Bludgeoner (Gargoyle Delver)    Turns: 44168, Time: 02:30:37

Health: -1/115     AC: 32    Str: 25    XL:     17   Next: 29%
Magic:  28/28      EV: 10    Int: 10    God:    Lugonu [******]
Gold:   1050       SH: 15    Dex: 11    Spells: 16/16 levels left

rFire   + . .        N - +2 broad axe (flame)
rCold   + . .        K - +0 tower shield
rNeg    + . .        k - +4 ring mail
rPois   ∞            F - +2 helmet
rElec   +            (no cloak)
rCorr   .            S - +2 pair of gloves
SInv    .            z - +0 pair of boots
Will    +....        x - amulet of faith
Stlth   ++           v - ring of protection from fire
HPRegen 0.39/turn    G - ring of protection from cold
MPRegen 0.21/turn

%: faith
@: marked, flying, studying Invocations
A: sickness immunity, AC +12, big wings, negative energy resistance 1,
electricity resistance, torment resistance 1, petrification resistance
a: Renounce Religion, Depart the Abyss, Banish, Corrupt, Enter the Abyss, Brand
Weapon With Distortion


You were on level 4 of the Swamp.
You worshipped Lugonu.
Lugonu was exalted by your worship.
You visited 4 branches of the dungeon, and saw 26 of its levels.
You visited the Abyss 1 time.
You also visited: Gauntlet.

You collected 3533 gold pieces.
You spent 2483 gold pieces at shops.

Inventory:

Hand Weapons
 m - the +12 scimitar of Collusion {heavy, rElec rF+ rC+ Str-3}
   (You found it on level 5 of the Lair of Beasts)

   Str:       It affects your strength (-3).
   rF:        It protects you from fire.
   rC:        It protects you from cold.
   rElec:     It insulates you from electricity.
 N - a +2 broad axe of flaming (weapon)
 P - a +2 hand axe of electrocution
Missiles
 h - 4 javelins
 p - a curare-tipped dart
 C - 3 throwing nets
 Q - 9 boomerangs (quivered)
 Z - 6 silver javelins
Armour
 k - a +4 ring mail (worn)
 z - a +0 pair of boots (worn)
 F - a +2 helmet (worn)
 K - a +0 tower shield (worn)
 S - a +2 pair of gloves (worn)
 W - the +5 ring mail "Suiden" {rF- Will+ Str+4}
   (You found it on level 12 of the Dungeon)

   Str:       It affects your strength (+4).
   rF:        It makes you vulnerable to fire.
   Will:      It increases your willpower.
 X - the +0 pair of gloves of Tartarus {Regen+ Int+2}
   (You found it on level 5 of the Lair of Beasts)

   Int:       It affects your intelligence (+2).
   Regen:     It increases your rate of health regeneration.
Jewellery
 o - a ring of see invisible
 q - a +4 ring of protection
 u - an amulet of reflection
 v - a ring of protection from fire (left hand)
 x - an amulet of faith (around neck)
 G - a ring of protection from cold (right hand)
Wands
 b - a wand of charming (7)
 g - a wand of digging (5)
 w - a wand of flame (9)
 B - a wand of mindburst (14)
 I - a wand of roots (9)
 L - a wand of light (5)
Scrolls
 c - 8 scrolls of fog
 d - 10 scrolls of revelation
 e - 3 scrolls of amnesia
 f - 5 scrolls of identify
 i - 6 scrolls of fear
 j - 4 scrolls of vulnerability
 l - 7 scrolls of poison
 s - 8 scrolls of teleportation
 y - 4 scrolls of torment
 A - 2 scrolls of enchant armour
 M - a scroll of brand weapon
 V - 2 scrolls of summoning
Potions
 a - a potion of brilliance
 n - a potion of magic
 r - a potion of heal wounds
 t - 3 potions of mutation
 E - 9 potions of curing
 O - 3 potions of cancellation
 R - a potion of resistance
 T - 4 potions of haste
 U - 2 potions of enlightenment
Miscellaneous
 D - a phantom mirror
 H - a box of beasts
 Y - a phial of floods


   Skills:
 - Level 16.0 Fighting
 + Level 8.4(12.9) Axes
 - Level 16.6(17.5) Maces & Flails
 - Level 5.0 Throwing
 - Level 10.0 Armour
 - Level 3.0 Dodging
 - Level 5.4 Stealth
 - Level 10.0 Shields
 - Level 15.0 Invocations
 - Level 7.0 Evocations


You had 16 spell levels left.
You didn't know any spells.
Your spell library contained the following spells:

 Spells                   Type           Power      Damage    Failure   Level
 Apportation              Tloc           0%         N/A       87%         1
 Kiss of Death            Conj/Necr      0%         2d5       87%         1
 Magic Dart               Conj           0%         1d3       87%         1
 Necrotise                Necr           0%         1d4       87%         1
 Sting                    Tmut/Pois      0%         1d3       87%         1
 Blink                    Tloc           0%         N/A       95%         2
 Call Imp                 Summ           0%         N/A       95%         2
 Lesser Beckoning         Tloc           0%         N/A       95%         2
 Momentum Strike          Conj/Tloc      0%         3d8       95%         2
 Poisonous Vapours        Pois/Air       0%         N/A       95%         2
 Scorch                   Fire           0%         2d5       95%         2
 Static Discharge         Conj/Air       0%         2-2/arc   95%         2
 Wereblood                Tmut           0%         N/A       95%         2
 Confusing Touch          Hex            0%         N/A       99%         3
 Dazzling Flash           Conj/Hex       0%         N/A       99%         3
 Frozen Ramparts          Ice            0%         1d1       99%         3
 Ignite Poison            Fire/Tmut/Pois 0%         N/A       99%         3
 Mephitic Cloud           Conj/Pois/Air  0%         N/A       99%         3
 Ozocubu's Armour         Ice            0%         N/A       99%         3
 Stone Arrow              Conj/Erth      0%         3d7       99%         3
 Vampiric Draining        Necr           0%         2d6       99%         3
 Vhi's Electric Charge    Tloc/Air       0%         N/A       99%         3
 Volatile Blastmotes      Fire/Tloc      0%         2d10      99%         3
 Airstrike                Air            0%         2d(0-16)  100%        4
 Animate Armour           Summ/Erth      0%         N/A       100%        4
 Dispel Undead            Necr           0%         3d6       100%        4
 Flame Wave               Conj/Fire      0%         2d4       100%        4
 Fulminant Prism          Conj/Hex       0%         3d5       100%        4
 Ice Form                 Ice/Tmut       0%         N/A       100%        4
 Iskenderun's Mystic Bla  Conj/Tloc      0%         2d3       100%        4
 Olgreb's Toxic Radiance  Pois           0%         N/A       100%        4
 Sticky Flame             Conj/Fire      0%         2d3       100%        4
 Summon Ice Beast         Ice/Summ       0%         N/A       100%        4
 Summon Lightning Spire   Summ/Air       0%         N/A       100%        4
 Agony                    Necr           0%         N/A       100%        5
 Alistair's Intoxication  Tmut/Pois      0%         N/A       100%        5
 Arcjolt                  Conj/Air       0%         1d10      100%        5
 Lee's Rapid Deconstruct  Erth           0%         3d4*      100%        5
 Summon Forest            Summ/Tloc      0%         N/A       100%        5
 Summon Mana Viper        Hex/Summ       0%         N/A       100%        5
 Simulacrum               Ice/Necr       0%         N/A       100%        6
 Starburst                Conj/Fire      0%         6d3       100%        6
 Summon Cactus Giant      Summ           0%         N/A       100%        6
 Ozocubu's Refrigeration  Ice            0%         4d7       100%        7
 Summon Hydra             Summ           0%         N/A       100%        7
 Ignition                 Fire           0%         3d3       100%        8
 Lehudib's Crystal Spear  Conj/Erth      0%         10d2      100%        8
 Maxwell's Capacitive Co  Air            0%         ∞         100%        8
 Polar Vortex             Ice            0%         N/A       100%        9
 Sublimation of Blood     Necr           Unusable   N/A       N/A         2

Dungeon Overview and Level Annotations

Branches:
Dungeon (15/15)            Temple (0/1) D:5            Lair (5/5) D:10
  Swamp (4/4) Lair:2        Snake (0/4) Lair:3          Orc (2/2) D:12
    Elf (0/3) Orc:2        Vaults (0/5) D:14         Depths (0/4) D:15
Gauntlet (visited)
  Slime: Lair:4-5

Altars:
Ashenzari
Cheibriados
Dithmenos
Elyvilon
Gozag
Nemelex Xobeh
Okawaru
Qazlal
Ru
Vehumet
Wu Jian
Yredelemnul
Zin

Shops:
D:8 :   D:10 =(*(*   Orc:2 =[!*

Annotations:
D:6 2 transporters
D:8 1 exclusion


Innate Abilities, Weirdness & Mutations

You are immune to sickness and miasma.
Your stone body is resilient. (AC +12)
You are immune to poison.
Your large and strong wings let you fly.
You resist negative energy. (rN+)
You are resistant to electric shocks. (rElec)
You are resistant to unholy torment.
You are immune to petrification.


Message History

You block the ice dragon's attack.
You block the six-headed hydra simulacrum's attack.
The six-headed hydra simulacrum barely misses you.
The six-headed hydra simulacrum misses you.
The six-headed hydra simulacrum closely misses you.
The six-headed hydra simulacrum bites you but does no damage.
You block the six-headed hydra simulacrum's attack.
You hack one of the six-headed hydra simulacrum's heads off!
You slice the five-headed hydra simulacrum!!
You melt the five-headed hydra simulacrum.
The five-headed hydra simulacrum vaporises!
Lugonu accepts your kill.
You slash the ice dragon! You burn the ice dragon!
The grasping roots constrict the ice dragon!
The roots release their grip on the ice dragon.
The ice dragon breathes frost at you. The blast of cold hits you! You resist.
* * * LOW HITPOINT WARNING * * *
You slash the ice dragon! You burn the ice dragon.
The ice dragon is severely wounded.
The ice dragon bites you but does no damage.
The ice dragon claws you but does no damage.
The ice dragon tramples you but does no damage.
An ice dragon comes into view.
The ice dragon breathes frost at you. The blast of cold hits you!! You resist.
* * * LOW HITPOINT WARNING * * *
You hit the ice dragon but do no damage.
The ice dragon is severely wounded.
You block the ice dragon's attack. x2
The ice dragon tramples you but does no damage.
You barely miss the ice dragon.
The ice dragon is severely wounded.
You hit the ice dragon but do no damage.
A five-headed hydra simulacrum comes into view.
You block the ice dragon's attack. The ice dragon barely misses you.
You block the ice dragon's attack. The ice dragon breathes frost at you.
The blast of cold hits you!! You resist.
You die...

♣♣.~..~~~.Z~~♣
♣♣..≈≈♣
♣♣~♣~~~~~~§♣
♣♣..≈≈♣♣ .~Z.♣♣♣
♣♣.♣≈≈≈♣
.~.~.~♣♣.♣♣♣≈≈≈♣
♣.D.♣♣.♣♣ ♣♣≈≈♣
♣♣D.♣♣.♣♣♣♣♣♣♣♣
♣♣~~..♣♣Z≈≈♣♣
♣....♣♣♣D.≈≈♣♣
♣....♣♣@D≈≈≈≈♣
♣♣≈..♣.[≈≈≈≈♣♣
♣♣≈≈.≈≈≈≈≈♣♣
♣≈≈≈≈≈≈≈♣♣
♣♣≈≈≈≈♣♣♣ ♣♣♣♣♣♣


You could see 2 ice dragons and a five-headed hydra simulacrum.

Vanquished Creatures
  A tentacled monstrosity (Swamp:2)
  Kirke (Lair:4)
  A fenstrider witch (Swamp:4)
  A thorn hunter (Swamp:3)
  3 eleionomae
  A dire elephant (Lair:5)
  2 bunyips
  A shambling mangrove (Swamp:4)
  8 vault guards
  6 hydras
  2 ice dragons (Swamp:4)
  4 ogre magi
  A ghost crab (Swamp:3)
  4 centaur warriors
  12 two-headed ogres
  3 catoblepae
  A deep troll shaman (Lair:5)
  A boulder beetle (D:13)
  2 alligators
  2 death yaks (Lair:5)
  2 skysharks
  10 skeletal warriors
  3 spriggan druids
  2 goliath frogs (Swamp:3)
  4 swamp dragons
  3 bog bodies
  Lodul (D:13)
  2 wizards (D:15)
  A lindwurm (Lair:5)
  A necromancer (D:15)
  A deep elf pyromancer (D:12)
  2 orc knights
  A wolf spider zombie (D:15)
  3 manticores
  10 ugly things
  A salamander (shapeshifter) (D:15)
  A wolf spider (Lair:5)
  7 will-o-the-wisps
  7 cyclopes
  12 elephants
  A centaur zombie (D:15)
  2 naga magi (D:15)
  A torpor snail (Lair:5)
  5 black mambas
  10 cane toads
  2 gargoyles
  7 komodo dragons
  2 efreet (D:14)
  2 unseen horrors
  4 kobold demonologists
  A rime drake (Lair:4)
  5 freezing wraiths
  7 tyrant leeches
  5 polar bears
  9 trolls
  9 hornets
  Grinder (D:4)
  16 blink frogs
  15 dream sheep
  2 centaur simulacra (D:15)
  6 spriggans
  3 shadows
  21 slime creatures
  40 yaks
  7 wyverns
  A vampire (D:10)
  3 wraiths
  2 water elementals (D:15)
  5 hogs (Lair:4)
  2 basilisks
  A human (Lair:4)
  15 swamp worms
  Menkaure (D:7)
  6 swamp worm simulacra (Swamp:4)
  6 vampire mosquitoes (D:11)
  6 wargs
  3 nagas (Lair:3)
  3 acid dragons (D:10)
  11 water moccasins
  2 swamp drakes
  10 hydra simulacra (Swamp:4)
  18 orc warriors
  3 ice beasts
  2 black bears
  30 ogres
  18 wolves
  13 centaurs
  A phantom (D:6)
  4 kobold brigands
  11 bullfrogs
  A gnoll sergeant (D:9)
  A scorpion (D:6)
  8 wights
  43 killer bees
  8 howler monkeys
  A jelly (D:7)
  3 gnoll boudas
  4 hounds
  15 orc priests
  An iguana (D:5)
  Ijyb (D:3)
  18 orc wizards
  2 lightning spires (Swamp:2)
  A boggart skeleton (D:15)
  27 gnolls
  7 adders
  2 shadow imps (D:5)
  2 white imps
  An ufetubus (D:15)
  2 swamp drake simulacra (Swamp:4)
  A dart slug (D:4)
  82 orcs
  9 ball pythons
  7 endoplasms
  5 giant cockroaches
  5 goblins
  4 hobgoblins
  6 jackals
  3 quokkas
  5 bats
  6 frilled lizards
  36 kobolds
  A rat (D:2)
  A spectral orc (D:14)
  A ball lightning (Swamp:2)
811 creatures vanquished.

Vanquished Creatures (collateral kills)
  2 two-headed ogres (Orc:2)
  A catoblepas (Lair:5)
  A death yak (Lair:5)
  A yak (Lair:5)
  An ogre (Orc:2)
6 creatures vanquished.

Vanquished Creatures (others)
  A two-headed ogre (Orc:2)
  A death yak (Lair:5)
  A spriggan (Swamp:1)
  A wizard (D:10)
  2 hornets (Swamp:1)
  A bloated husk (Swamp:1)
  A tyrant leech (Swamp:4)
  A yak (Lair:5)
  A swamp worm (Swamp:4)
  A ball lightning (Swamp:2)
  34 foxfires
45 creatures vanquished.

Grand Total: 862 creatures vanquished

Notes
Turn   | Place    | Note
-------+----------+-------------------------------------------
     0 | D:5      | GordonOverkill the Gargoyle Delver began the quest for the
                  | Orb.
     0 | D:5      | Reached XP level 1. HP: 14/14 MP: 1/1
    16 | D:6      | Noticed a phantom
   109 | D:7      | Noticed Prince Ribbit
   109 | D:7      | Noticed a kobold brigand
   112 | D:7      | Noticed a scorpion
   150 | D:5      | Found a snail-covered altar of Cheibriados.
   232 | D:5      | Noticed a hound
   293 | D:5      | Noticed an ogre
   351 | D:5      | Noticed a hound
   451 | D:5      | Noticed a howler monkey
   494 | D:5      | Noticed an ogre
   494 | D:5      | Noticed a hound
   503 | D:5      | Noticed an iguana
   672 | D:5      | Noticed a howler monkey
   771 | D:6      | Noticed a hound
  1063 | D:4      | Reached XP level 2. HP: 19/19 MP: 2/2
  1509 | D:4      | Noticed Grinder
  1663 | D:5      | Reached XP level 3. HP: 21/24 MP: 3/3
  1720 | D:5      | Reached XP level 4. HP: 21/30 MP: 4/4
  1762 | D:5      | Noticed a black bear
  1957 | D:5      | Noticed an ogre
  2025 | D:4      | Reached skill level 5 in Fighting
  2025 | D:4      | Reached XP level 5. HP: 34/35 MP: 5/5
  2148 | D:3      | Noticed Ijyb
  2167 | D:3      | Killed Ijyb
  2245 | D:3      | Found a broken altar of Ashenzari.
  2254 | D:3      | Became a worshipper of Ashenzari the Shackled
  2341 | D:2      | Reached XP level 6. HP: 27/40 MP: 6/6
  2792 | D:1      | Found a faded altar of an unknown god.
  3640 | D:2      | Identified the +1 leather armour "Danitunn" {Dex+5}
  3644 | D:2      | Found a snail-covered altar of Cheibriados.
  4167 | D:3      | Reached skill level 5 in Maces & Flails
  4258 | D:3      | Found a shadowy altar of Dithmenos.
  4405 | D:3      | Found a sacrificial altar of Ru.
  4722 | D:4      | Killed Grinder
  4723 | D:4      | Reached XP level 7. HP: 47/47 MP: 7/7
  4800 | D:4      | Identified the +3 long sword of Intuition {elec, Fragile
                  | rElec Will+ Stlth+}
  4965 | D:5      | Found a staircase to the Ecumenical Temple.
  5175 | D:5      | Reached XP level 8. HP: 48/53 MP: 8/8
  5346 | D:5      | Found a basalt altar of Yredelemnul.
  5346 | D:5      | Found a stormy altar of Qazlal.
  5362 | D:5      | Found an opulent altar of Gozag.
  5367 | D:5      | Found a faded altar of an unknown god.
  5368 | D:5      | Found an ornate altar of the Wu Jian Council.
  6077 | D:6      | Found a sparkling altar of Nemelex Xobeh.
  6081 | D:6      | Found a radiant altar of Vehumet.
  6081 | D:6      | Found an iron altar of Okawaru.
  6280 | D:6      | Found a transporter.
  6312 | D:6      | Found a transporter.
  6857 | D:7      | Reached XP level 9. HP: 46/60 MP: 9/9
  6961 | D:7      | Noticed a hornet
  6964 | D:7      | Noticed Menkaure
  6976 | D:7      | Killed a hornet
  7360 | D:7      | Prince Ribbit changed into Prince Ribbit the blink frog
  7360 | D:7      | Noticed Prince Ribbit
  7385 | D:7      | Killed Prince Ribbit the blink frog
  7435 | D:7      | Reached skill level 10 in Fighting
  7658 | D:7      | Killed Menkaure
  8401 | D:8      | Reached skill level 10 in Maces & Flails
  8401 | D:8      | Reached XP level 10. HP: 29/69 MP: 10/10
  8428 | D:8      | Reached skill level 1 in Armour
  8451 | D:8      | Reached skill level 1 in Evocations
  9560 | D:8      | Found a glowing silver altar of Zin.
  9701 | D:8      | Found Nacehe Pausu's Vocational Training.
  9873 | D:8      | Noticed an elephant
  9912 | D:9      | Reached * piety under Ashenzari
 10122 | D:9      | Noticed a manticore
 10138 | D:9      | Killed a manticore
 10138 | D:9      | Noticed a red ugly thing
 10139 | D:9      | Reached XP level 11. HP: 50/76 MP: 11/11
 10368 | D:9      | Killed a red ugly thing
 10378 | D:9      | Noticed a cyclops
 10388 | D:9      | Killed a cyclops
 10432 | D:9      | Noticed a centaur warrior
 10450 | D:9      | Killed a centaur warrior
 10887 | D:10     | Entered Level 10 of the Dungeon
 11018 | D:10     | Found Taruseng's Weapon Shop.
 11140 | D:10     | Found Zootatis's Assorted Antiques.
 11143 | D:10     | Bought a bubbling brown potion for 27 gold pieces
 11143 | D:10     | Bought a whip for 77 gold pieces
 11171 | D:10     | Found Laetir's Weapon Shop.
 11181 | D:10     | Found Gijib's Jewellery Shoppe.
 11398 | D:10     | Found Miwnige's Assorted Antiques.
 11578 | D:10     | Noticed a wizard
 11728 | D:10     | Killed a wizard
 11814 | D:10     | Reached skill level 5 in Armour
 11897 | D:10     | Found a staircase to the Lair.
 12008 | D:10     | Bought a scroll labelled DAISKIOKAUGH for 31 gold pieces
 12008 | D:10     | Acquired 742 gold pieces
 12067 | D:11     | Identified the +9 long sword of the Toadstool {drain,
                  | Int+4}
 12080 | D:11     | Reached XP level 12. HP: 58/82 MP: 12/12
 12318 | D:11     | Found a gate leading to a gauntlet.
 12354 | D:11     | Reached skill level 5 in Evocations
 12568 | Gauntlet | Entered a Gauntlet
 12568 | Gauntlet | Found a transporter.
 12577 | Gauntlet | Noticed a wretched star
 12619 | Gauntlet | Found a transporter.
 12621 | Gauntlet | Found the +3 Mad Mage's Maulers {Infuse+∞ VampMP -Cast}
 12622 | Gauntlet | Found a transporter.
 12625 | Gauntlet | Found a transporter.
 12626 | Gauntlet | Found a transporter.
 12627 | Gauntlet | Found a transporter.
 12627 | Gauntlet | Noticed a catoblepas
 12627 | Gauntlet | Identified the +1 helmet of Gajiqics {rElec rPois Str-2
                  | Dex+5}
 12628 | Gauntlet | Noticed a blizzard demon
 12632 | Gauntlet | Identified the ring of Ziath {Wiz Will+}
 12633 | Gauntlet | Identified the staff of cold "Uvumu" {rPois rC+ rN+}
 12634 | Gauntlet | Found a transporter.
 12635 | Gauntlet | Identified the staff of conjuration "Liamok" {rCorr SInv}
 12640 | Gauntlet | Found a transporter.
 12703 | Gauntlet | Found a transporter.
 12719 | Gauntlet | Found a transporter.
 12723 | Gauntlet | Found a transporter.
 12733 | Gauntlet | Identified the ring of Gall {Fire Int+3}
 12741 | Gauntlet | Found a transporter.
 12767 | Gauntlet | Identified the amulet of Egib {Spirit Rampage Str+3 Dex-4}
 13268 | D:12     | Found a staircase to the Orcish Mines.
 13537 | Abyss:2  | Cast into level 2 of the Abyss (orc warrior)
 13704 | Abyss:2  | Found a corrupted altar of Lugonu.
 13710 | Abyss:2  | Fell from the grace of Ashenzari
 13710 | Abyss:2  | Became a worshipper of Lugonu the Unformed
 13710 | Abyss:2  | Reached * piety under Lugonu
 13710 | Abyss:2  | Reached ** piety under Lugonu
 13711 | D:12     | Escaped the Abyss
 14186 | D:12     | Noticed a sun demon
 14733 | D:10     | Bought 3 scrolls of enchant armour for 697 gold pieces
 14733 | D:10     | Bought a scroll of fog for 124 gold pieces
 14862 | Lair:1   | Entered Level 1 of the Lair of Beasts
 16321 | Lair:2   | Found a staircase to the Swamp.
 16971 | Lair:2   | Reached XP level 13. HP: 56/89 MP: 13/13
 16993 | Lair:2   | Reached skill level 1 in Throwing
 16993 | Lair:2   | Reached skill level 1 in Invocations
 17454 | Lair:2   | Identified the +10 glaive of Descent {heavy, Int+2}
 17988 | Lair:2   | Upgraded the game from 0.31-a0-105-gc0b45f0da6 to
                  | 0.31-a0-117-g42d8f58691
 19059 | Lair:3   | Reached *** piety under Lugonu
 19712 | Lair:3   | Found a staircase to the Snake Pit.
 21684 | Lair:4   | Was forgiven by Ashenzari
 21851 | Lair:4   | an oklob plant changed into a shambling mangrove
 21851 | Lair:4   | Noticed a shambling mangrove
 22196 | Lair:4   | Noticed Kirke
 22239 | Lair:4   | Reached skill level 15 in Maces & Flails
 22241 | Lair:4   | Noticed a sphinx
 22248 | Lair:4   | Gained mutation: Your large and strong wings let you fly.
                  | [Gargoyle growth]
 22248 | Lair:4   | Reached XP level 14. HP: 70/96 MP: 17/17
 22248 | Lair:4   | Killed Kirke
 22249 | Lair:4   | Reached skill level 5 in Invocations
 22491 | Lair:5   | Entered Level 5 of the Lair of Beasts
 23649 | Lair:5   | Reached skill level 15 in Fighting
 23649 | Lair:5   | Reached skill level 5 in Throwing
 23651 | Lair:5   | Reached skill level 10 in Armour
 23833 | Lair:5   | Identified the +0 pair of gloves of Tartarus {Regen+ Int+2}
 24094 | Lair:5   | Noticed a dire elephant
 24129 | Lair:5   | Killed a dire elephant
 25282 | Lair:5   | Reached skill level 10 in Invocations
 25282 | Lair:5   | Reached XP level 15. HP: 86/103 MP: 22/22
 25334 | Lair:5   | Identified the +12 scimitar of Collusion {heavy, rElec rF+
                  | rC+ Str-3}
 26318 | D:12     | Identified the +5 ring mail "Suiden" {rF- Will+ Str+4}
 27146 | D:13     | Noticed Lodul
 27186 | D:13     | Killed Lodul
 27381 | D:13     | Reached skill level 1 in Shields
 27504 | D:13     | Identified the +8 great sword of Analysis {freeze, rN+
                  | Dex+3}
 28955 | D:14     | Found a white marble altar of Elyvilon.
 29126 | D:14     | Found a gate to the Vaults.
 30384 | D:14     | Found a basalt altar of Yredelemnul.
 30478 | D:15     | Entered Level 15 of the Dungeon
 30675 | D:15     | Reached **** piety under Lugonu
 32503 | D:15     | Reached skill level 1 in Axes
 32723 | D:15     | Reached skill level 5 in Shields
 32755 | D:15     | Found a staircase to the Depths.
 33604 | D:15     | Found a staircase to the Depths.
 33653 | D:14     | Reached XP level 16. HP: 29/110 MP: 24/24
 34641 | Orc:1    | Entered Level 1 of the Orcish Mines
 34840 | Orc:2    | Entered Level 2 of the Orcish Mines
 35291 | Orc:1    | Reached ***** piety under Lugonu
 37080 | Orc:2    | Found Amual's Assorted Antiques.
 37083 | Orc:2    | Found Gun Asm's Armour Shop.
 37084 | Orc:2    | Found Pedotipn's Jewellery Emporium.
 37084 | Orc:2    | Found Bauker's Distillery.
 37148 | Orc:2    | Found a staircase to the Elven Halls.
 37486 | Orc:2    | Bought a glowing ruby potion for 27 gold pieces
 37592 | D:8      | Bought a manual of Invocations for 1200 gold pieces
 37592 | D:8      | Upgraded the game from 0.31-a0-117-g42d8f58691 to
                  | 0.31-a0-183-g4352c244c2
 37630 | D:10     | Bought a ring of protection from fire for 300 gold pieces
 37736 | Swamp:1  | Entered Level 1 of the Swamp
 39160 | Swamp:1  | Reached skill level 5 in Axes
 39313 | Swamp:2  | Noticed a tentacled monstrosity
 39339 | Swamp:2  | Killed a tentacled monstrosity
 39636 | Swamp:2  | Reached skill level 10 in Shields
 41537 | Swamp:3  | Reached XP level 17. HP: 81/115 MP: 27/27
 41805 | Swamp:3  | Identified the +7 great sword of Sipemega {holy, rF+ Str+4
                  | Stlth-}
 42283 | Swamp:4  | Entered Level 4 of the Swamp
 43181 | Swamp:4  | Reached skill level 15 in Invocations
 43846 | Swamp:4  | Paralysed by a fenstrider witch for 5 turns
 43860 | Swamp:4  | Paralysed by a fenstrider witch for 2 turns
 44038 | Swamp:4  | Reached ****** piety under Lugonu
 44168 | Swamp:4  | Killed from afar by an ice dragon

Illustrated notes

Levels and vault maps discovered:
D:1:      roderic_crossed_star, layout_basic,
          shapermc_ecumenical_altar_totnotflames, nicolae_figureground_pulse
D:2:      layout_basic, serial_forest, infiniplex_forest_clump_tiny,
          infiniplex_forest_end_2, infiniplex_forest_corner_2,
          infiniplex_forest_lined_3, infiniplex_forest_end_1,
          infiniplex_forest_straight_3, infiniplex_forest_lined_3_way,
          infiniplex_forest_zigzag_1, infiniplex_forest_lined_2,
          infiniplex_forest_lined_2, basic_altar
D:3:      layout_rooms, mainiacjoe_overflow_alcove_1,
          nicolae_ru_the_path_less_chosen, mainiacjoe_overflow_alcove_4,
          serial_curves, eino_curves_01, eino_curves_02, uniq_ijyb
D:4:      layout_loops_cross, uniq_grinder
D:5:      layout_loops_ring, lemuel_round_altar,
          chequers_temple_overflow_minitemple,
          minmay_temple_entry_gardened_gates, chequers_serial_rivers_micro_b,
          small_statue_alley_b
D:6:      gammafunk_cloud_chamber, layout_basic,
          chequers_temple_overflow_statue_of_worship
D:7:      layout_gridville, serial_rivers, chequers_serial_rivers_micro_a,
          chequers_serial_rivers_large_b, chequers_serial_rivers_micro_b,
          chequers_serial_rivers_small_b, chequers_serial_rivers_small_3,
          uniq_menkaure, uniq_prince_ribbit1
D:8:      wad_woods_minihive, layout_cave_pools, mainiacjoe_overflow_24_doors,
          nicolae_shop_vocational
D:9:      minmay_curly_fans, layout_rooms
D:10:     cheibrodos_barr_body, layout_basic, dpeg_oklobed_lair, serial_shops,
          nicolae_shop_hallway_plus, shop, shop, kennysheep_little_box,
          nicolae_shop_real_fake_doors, minivault_26
D:11:     layout_rooms, gauntlet_entry_generic
D:12:     layout_stronghold, david_orc_5, ebering_dispersal_statue_hall,
          minmay_bent
D:13:     layout_roguey, grunt_ministairs_11, drop_trap, lemuel_another_geyser,
          uniq_lodul
D:14:     layout_small_grid, erik_vaults_2, elyvilon_altar_1,
          yredelemnul_forgotten_temple_becter
D:15:     grunt_enter_depths_magical_seal, layout_cave_pods, serial_ice,
          serial_ice_n, serial_ice_i, serial_ice_g, serial_ice_h
Lair:1:   layout_regular_city, grunt_megastairs_4
Lair:2:   layout_hall_layers, minmay_swamp_entry_worms,
          minmay_lair_oklob_bushes, grunt_megastairs_1
Lair:3:   layout_regular_city, minmay_snake_entry_guardpost_small, st_stairs_9,
          grunt_megastairs_5, serial_bayou_shore_a, lemuel_fruit_tree
Lair:4:   layout_cave_pods, minmay_slime_entry_oklob_enclosed, uniq_kirke
Lair:5:   grunt_lair_end_beastmaster, layout_regular_city,
          minmay_shattered_shrine
Swamp:1:  layout_falls_marsh, evilmike_swamp_ruin_rubble_1, swamp_pool2
Swamp:2:  layout_basic_swamp, evilmike_swamp_ruin_house_4, swamp_pool3,
          hangedman_swamp_phenomena, infiniplex_staircase_pool_2
Swamp:3:  nicolae_swamp_tree_isthmus, layout_basic_swamp,
          evilmike_swamp_ruin_house_2
Swamp:4:  swamp_icy, layout_basic_swamp, swamp_pool4
Orc:1:    cheibrodos_orc_guarddog, layout_caves
Orc:2:    st_orc_ogre_mass, layout_caves

Skill      XL: |  1  2  3  4  5  6  7  8  9 10 11 12 13 14 15 16 17 |
---------------+----------------------------------------------------+-----
Fighting       | 4 5 6 7 9 11 12 13 14 15 16 | 16.0
Maces & Flails | 3 4 5 6 8 10 11 13 14 15 16 | 16.6
Armour         | 3 5 7 9 10 | 10.0
Evocations     | 3 4 6 7 |  7.0
Throwing       | 4 5 |  5.0
Invocations    | 4 10 11 14 15 | 15.0
Dodging        | 3 |  3.0
Shields        | 5 10 | 10.0
Axes           | 2 6 8 |  8.4
Stealth        | |  5.4

Action                     |  1- 3 |  4- 6 |  7- 9 | 10-12 | 13-15 | 16-18 || total
---------------------------+-------+-------+-------+-------+-------+-------++-------
  Melee: Mace              |    67 |   244 |   279 |   330 |   731 |       ||  1651
         Punch             |       |     4 |     3 |     6 |       |       ||    13
         Flail             |       |       |    54 |   787 |   860 |       ||  1701
         Whip              |       |       |       |    40 |       |       ||    40
         Broad axe         |       |       |       |       |   125 |   768 ||   893
         Scimitar          |       |       |       |       |    27 |       ||    27
  Throw: Stone             |     1 |       |       |       |       |       ||     1
         Dart              |       |       |    14 |     9 |    94 |       ||   117
         Boomerang         |       |       |     6 |     1 |    14 |   183 ||   204
 Invoke: Curse Item        |       |     1 |       |     1 |       |       ||     2
         Depart the Abyss  |       |       |       |     1 |       |       ||     1
         Banish            |       |       |       |       |    23 |     5 ||    28
  Evoke: Wand              |       |       |     5 |     6 |    30 |    19 ||    60
         Box of beasts     |       |       |       |     1 |     2 |     1 ||     4
         Phial of floods   |       |       |       |       |     1 |       ||     1
         Phantom mirror    |       |       |       |       |       |     1 ||     1
    Use: Potion            |     1 |     1 |     3 |     5 |     2 |       ||    12
         Scroll            |     4 |     5 |     3 |     5 |     7 |     2 ||    26
   Stab: Invisible         |       |       |       |     7 |     4 |     1 ||    12
         Sleeping          |       |       |       |     1 |     3 |       ||     4
         Petrified         |       |       |       |       |    18 |       ||    18
         Petrifying        |       |       |       |       |     4 |       ||     4
         Distracted        |       |       |       |       |       |     3 ||     3
         Confused          |       |       |       |       |       |     1 ||     1
 Armour: Leather armour    |    18 |     5 |       |       |       |       ||    23
         Chain mail        |       |   140 |   106 |       |       |       ||   246
         Ring mail         |       |       |   110 |   679 |  1063 |   487 ||  2339
  Dodge: Dodged            |    52 |   117 |   206 |   663 |   634 |   284 ||  1956
  Block: Buckler           |       |       |       |   108 |   120 |       ||   228
         Tower shield      |       |       |       |       |   341 |   603 ||   944

Table legend: (Time is in decaauts)
 A = Elapsed time spent in this place.
 B = Non-inter-level travel time spent in this place.
 C = Inter-level travel time spent in this place.
 D = Time resting spent in this place.
 E = Time spent auto-exploring this place.
 F = Levels seen in this place.
 G = Mean time per level.
                   A        B        C        D        E       F      G
               +--------+--------+--------+--------+--------+-----+--------+
         Total |  44245 |  42207 |   2038 |  16016 |  11324 |  28 | 1580.2 |
       Dungeon |  23617 |  22417 |   1200 |   6856 |   6763 |  15 | 1574.5 |
          Lair |  10785 |  10289 |    496 |   4645 |   2468 |   5 | 2157.0 |
         Swamp |   6494 |   6257 |    237 |   3296 |    915 |   4 | 1623.5 |
  Orcish Mines |   2951 |   2847 |    104 |   1036 |   1040 |   2 | 1475.5 |
         Abyss |    173 |    173 |      0 |    135 |      0 |   1 |  173.0 |
      Gauntlet |    224 |    224 |      0 |     48 |    138 |   1 |  224.0 |
               +--------+--------+--------+--------+--------+-----+--------+

Top non-repeatable levels by time:
    D:15: 3338 daAuts
  Lair:2: 3255 daAuts
  Lair:5: 3152 daAuts
    D:14: 2247 daAuts
 Swamp:2: 1994 daAuts
    D:12: 1938 daAuts
    D:13: 1911 daAuts
  Lair:4: 1822 daAuts
    D:10: 1821 daAuts
     D:7: 1664 daAuts
  Lair:3: 1651 daAuts
   Orc:1: 1640 daAuts
 Swamp:3: 1631 daAuts
     D:5: 1526 daAuts
     D:6: 1509 daAuts
